 Dungeon Crawl Stone Soup version 0.13.0-15-g9204fa6 (webtiles) character file.

1457 Antur the Insei (level 8, -5/57 HPs)
             Began as a Merfolk Transmuter on Oct 20, 2013.
             Was an Initiate of Okawaru.
             Slain by a hill giant
             ... wielding a +0,+0 giant club
              (31 damage)
             ... on Level 5 of the Dungeon.
             The game lasted 00:20:41 (4166 turns).

Antur the Insei (Merfolk Transmuter)                Turns: 4166, Time: 00:20:41

HP  -5/57        AC  2     Str 11      XL: 8   Next: 43%
MP   5/14        EV 28     Int 13      God: Okawaru [......]
Gold 263         SH  0     Dex 24      Spells:  2 memorised,  9 levels left

Res.Fire  : . . .   See Invis. : .     - Unarmed
Res.Cold  : . . .   Warding    : .   c - melded +0 robe
Life Prot.: . . .   Conserve   : .   (shield currently unavailable)
Res.Poison: x       Res.Corr.  : .   (helmet currently unavailable)
Res.Elec. : .       Clarity    : .   m - melded +2 dwarf cloak
Sust.Abil.: . .     Spirit.Shd : .   f - melded +0 pair of gauntlets
Res.Mut.  : .       Stasis     : .   (boots currently unavailable)
Res.Rott. : .       Flight     : .   (no amulet)
Saprovore : . . .                    (no ring)
                                     r - +4 ring of dexterity

@: spider-form, very slightly contaminated, quick, slightly resistant to hostile
enchantments, stealthy
A: (change form in water), (swift swim)
a: End Transformation, Renounce Religion


You were on level 5 of the Dungeon.
You worshipped Okawaru.
Okawaru was noncommittal.
You were not hungry.
You were in spider-form.
You visited 2 branches of the dungeon, and saw 6 of its levels.

You collected 243 gold pieces.

Inventory:

Hand weapons
 t - a +0 blowgun
Missiles
 b - 12 arrows
 e - 4 silver javelins (quivered)
 p - 11 curare-tipped needles
Armour
 c - a +0 robe (melded)
 f - a +0 pair of gauntlets (melded)
 m - a +2 dwarven cloak (melded)
Magical devices
 j - a wand of draining (0)
Comestibles
 a - a bread ration
 v - 3 strawberries
Scrolls
 k - 3 scrolls of random uselessness
 l - 3 scrolls of remove curse {unknown}
Jewellery
 r - a +4 ring of dexterity (left front leg)
 s - an uncursed ring of fire
Potions
 g - a potion of heal wounds
 h - a potion of flight {unknown}
 i - a potion of curing
 n - 2 potions of beneficial mutation {unknown}
 o - a potion of agility {unknown}
 u - a potion of might {unknown}
Books
 d - a book of Changes

   Spells                             Type                      Level
   *Beastly Appendage                 Transmutation                1
   Sticks to Snakes                   Transmutation                2
   *Spider Form                       Transmutation/Poison         3
   Ice Form                           Ice/Transmutation            4
   Blade Hands                        Transmutation                5
 q - a Grand Grimoire {highlevel}

   This book is beyond your current level of understanding.

   Spells                             Type                      Level
   Demonic Horde                      Summoning                    6
   Mass Abjuration                    Summoning                    6
   Haunt                              Necromancy/Summoning         7
   Summon Greater Demon               Summoning                    7
   Malign Gateway                     Summoning/Translocation      7
   Summon Horrible Things             Summoning                    8


   Skills:
 + Level 3.2 Fighting
 + Level 0.6 Throwing
 + Level 6.7 Dodging
 + Level 1.7 Stealth
 * Level 7.2 Unarmed Combat
 + Level 3.3 Spellcasting
 * Level 4.9 Transmutations
 + Level 1.9 Poison Magic
 + Level 1.2 Evocations


You had 9 spell levels left.
You knew the following spells:

 Your Spells              Type           Power        Failure   Level  Hunger
a - Beastly Appendage     Trmt           ###...       12%         1    #......
b - Spider Form           Trmt/Pois      ##........   36%         3    ###....


Dungeon Overview and Level Annotations

Branches:
Dungeon (5/27)             Temple (1/1) D:5

Altars:
Ashenzari
Cheibriados
Elyvilon
Fedhas
Kikubaaqudgha
Makhleb
Nemelex Xobeh
Okawaru
Sif Muna
Trog
Vehumet
Xom
Yredelemnul
Zin


Message History

The worker ant closely misses you.
Casting: Spider Form
Confirm with . or Enter, or press ? or * to list all spells.
You miscast Spider Form.
You feel sick. The worker ant closely misses you.
Casting: Spider Form
Confirm with . or Enter, or press ? or * to list all spells.
You turn into a venomous arachnid creature.
Your +2 dwarven cloak melds into your body.
Your +0 pair of gauntlets melds into your body.
Your +0 robe melds into your body.
The worker ant completely misses you.
You hit the worker ant.
The worker ant is poisoned.
The worker ant is moderately wounded.
The worker ant waves its antennae.
The worker ant completely misses you.
You hit the worker ant.
The worker ant looks even sicker.
The worker ant is severely wounded.
The worker ant closely misses you.
The hill giant hits you with a giant club!
Ouch! That really hurt!
You die...

# .###. #..... .....?.
...... ###.#..####
...........############
#..........).(........#
#.########a##########.#
#s# #.# ###C# #.# #...#
#.# ##.8.## #.# #.....#
#.# #8.>.8# #.# #
#.....# ###C# ##.8.##
#...# ###...### #.###


You could see a hill giant and a worker ant.

Vanquished Creatures
  The ghost of MirrMurr the Covert, an experienced SpEn (D:5)
  Grinder (D:4)
  An ice beast (D:5)
  A phantom (D:5)
  2 ogres (D:4)
  3 jellies (D:5)
  2 iguanas (D:4)
  7 adders
  3 gnolls (D:3)
  2 worms
  7 giant geckos
  2 oozes
  3 orcs
  A ball python (D:3)
  6 giant cockroaches
  13 goblins
  12 hobgoblins
  4 jackals
  9 bats
  3 giant newts
  A goblin skeleton (D:3)
  13 kobolds
  2 quokkas
  10 rats
109 creatures vanquished.

Notes
Turn   | Place    | Note
--------------------------------------------------------------
     0 | D:1      | Antur, the Merfolk Transmuter, began the quest for the Orb.
     0 | D:1      | Reached XP level 1. HP: 15/15 MP: 1/1
   191 | D:1      | Reached XP level 2. HP: 16/21 MP: 0/3
   315 | D:1      | Reached skill level 4 in Unarmed Combat
   619 | D:2      | Reached XP level 3. HP: 22/26 MP: 1/4
   786 | D:2      | Reached XP level 4. HP: 30/32 MP: 4/6
   797 | D:2      | Learned a level 3 spell: Spider Form
  1398 | D:3      | Reached XP level 5. HP: 17/38 MP: 7/7
  2246 | D:4      | Noticed an ogre
  2253 | D:4      | Killed an ogre
  2253 | D:4      | Reached skill level 5 in Unarmed Combat
  2275 | D:4      | Noticed an ogre
  2290 | D:4      | Killed an ogre
  2290 | D:4      | Reached skill level 5 in Dodging
  2290 | D:4      | Reached XP level 6. HP: 44/44 MP: 6/9
  2556 | D:4      | Noticed Grinder
  2633 | D:4      | Reached skill level 1 in Evocations
  2676 | D:4      | Reached skill level 1 in Stealth
  2759 | D:5      | Entered Level 5 of the Dungeon
  2970 | D:5      | Reached XP level 7. HP: 32/49 MP: 4/11
  2999 | D:5      | Reached skill level 6 in Unarmed Combat
  3020 | D:5      | Noticed a hill giant
  3156 | D:5      | Noticed MirrMurr's ghost (experienced SpEn)
  3236 | D:4      | Killed Grinder
  3236 | D:4      | Reached skill level 1 in Poison Magic
  3473 | D:5      | Reached XP level 8. HP: 29/57 MP: 11/14
  3706 | D:5      | Killed MirrMurr's ghost
  3706 | D:5      | Reached skill level 7 in Unarmed Combat
  3803 | D:5      | Found a staircase to the Ecumenical Temple.
  3819 | Temple   | Entered the Ecumenical Temple
  3927 | Temple   | Became a worshipper of Warmaster Okawaru
  4166 | D:5      | Slain by a hill giant

Action                   |  1- 3 |  4- 6 |  7- 9 || total
-------------------------+-------+-------+-------++-------
Melee: Unarmed           |    94 |   240 |   116 ||   450
Throw: Javelin           |    10 |     2 |       ||    12
 Cast: Beastly Appendage |     5 |     3 |     2 ||    10
       Spider Form       |       |     4 |     8 ||    12
Evoke: Wand              |       |     3 |       ||     3
  Use: Scroll            |       |     7 |     1 ||     8
       Potion            |       |     2 |     1 ||     3
 Stab: Sleeping          |       |     3 |     1 ||     4
